 Dungeon Crawl Stone Soup version 0.31-a0-819-gf6de2f5ab6 (webtiles) character file.

Game seed: 2054875555996832037

48 qw the Shooter (level 3, -3/22 HPs)
             Began as a Gargoyle Hunter on Sept 23, 2023.
             Slain by a gnoll
             ... wielding a +0 halberd
              (10 damage)
             ... on level 2 of the Dungeon.
             The game lasted 00:00:27 (1164 turns).

qw the Shooter (Gargoyle Hunter)                    Turns: 1164, Time: 00:00:28

Health: -3/22      AC:  9    Str: 14    XL:     3   Next: 72%
Magic:  3/3        EV: 10    Int:  9    God:
Gold:   45         SH:  0    Dex: 15    Spells: 2/2 levels left

rFire   . . .        Y - +1 shortbow
rCold   . . .        (shield currently unavailable)
rNeg    + . .        f - +0 ring mail
rPois   inf          (no helmet)
rElec   +            (no cloak)
rCorr   .            (no gloves)
SInv    .            b - +0 pair of boots
Will    .....        (no amulet)
Stlth   +            (no ring)
HPRegen 0.23/turn    (no ring)
MPRegen 0.08/turn

%: no passive effects
@: no status effects
A: sickness immunity, AC +3, negative energy resistance 1, electricity
resistance, torment resistance 1, petrification resistance
a: no special abilities


You were on level 2 of the Dungeon.
You visited 1 branch of the dungeon, and saw 2 of its levels.

You collected 105 gold pieces.
You spent 60 gold pieces at shops.


Innate Abilities, Weirdness & Mutations

You are immune to sickness and miasma.
Your stone body is resilient. (AC +3)
You are immune to poison.
You resist negative energy. (rN+)
You are resistant to electric shocks. (rElec)
You are resistant to unholy torment.
You are immune to petrification.


   Skills:
 + Level 2.6 Fighting
 - Level 5.0 Ranged Weapons
 - Level 1.0 Armour
 - Level 1.5 Dodging
 - Level 1.1 Stealth


You had 2 spell levels left.
You didn't know any spells.
Your spell library was empty.

Inventory:

Hand Weapons
 Y - a +1 shortbow (weapon)
Armour
 b - a +0 pair of boots (worn)
 f - a +0 ring mail (worn)
Scrolls
 a - a scroll of summoning {unknown}
 d - 5 scrolls of identify
Potions
 c - a potion of ambrosia {unknown}
 e - a potion of curing {unknown}

Dungeon Overview and Level Annotations

Branches:
Dungeon (2/15)

Altars:

Shops:
D:1 ?   D:2 (


Message History

You shoot an arrow. The arrow hits the kobold!
You kill the kobold!
The gnoll hits you but does no damage.
Your Armour skill increases to level 1!
1156 |||
Found retreat position at 6,0 (floor) with 0 blocking monsters and 1 monsters attacking at destination at distance 6
Enter note:
1156 ||| Stepping ~*~*~tactically~*~*~ (retreating).
The gnoll attacks as it pursues you! The gnoll hits you but does no damage.
Enter note:
1157 |||
Found retreat position at -1,0 (floor) with 0 blocking monsters and 1 monsters attacking at destination at distance 1
1157 ||| Stepping ~*~*~tactically~*~*~ (retreating).
The gnoll hits you but does no damage.
You shoot an arrow. The arrow hits the gnoll.
The gnoll is moderately wounded.
The gnoll closely misses you.
You shoot an arrow. The arrow hits the gnoll.
The gnoll is heavily wounded.
A gnoll comes into view. It is wielding a +0 spear.
The gnoll hits you with a +0 halberd!
You shoot an arrow. The gnoll shouts!
The arrow hits the gnoll but does no damage.
The gnoll is heavily wounded.
The gnoll closely misses you. x2
You shoot an arrow. The arrow hits the gnoll.
The gnoll is severely wounded.
The gnoll hits you but does no damage.
You shoot an arrow. The arrow barely misses the gnoll. x2
The arrow hits the gnoll!
The gnoll is severely wounded.
The gnoll barely misses you.
You shoot an arrow.
The arrow hits the gnoll but does no damage.
The gnoll is severely wounded.
The gnoll hits you with a +0 halberd!
You shoot an arrow. The arrow barely misses the gnoll.
The arrow closely misses the gnoll. x2
The goblin shouts!
The gnoll hits you with a +0 halberd!
You die...

#.####### #<....... #####
#.......) #...# #.[...... .
#...# #........ g.########
#...# #........ .........#
#...# #.....%..
g...g...g###...####........
.......ggg@................
#........###########.......
........## #.......
#####.#.# #......# #.#.#
+......+ # #.# #......# #..
#....... ##. #....... .
#......


You could see 4 gnolls and a goblin.

Vanquished Creatures
  A dart slug (D:1)
  5 ball pythons (D:1)
  A bat (D:1)
  5 endoplasms
  3 giant cockroaches (D:1)
  2 goblins (D:1)
  3 hobgoblins
  4 jackals (D:1)
  A quokka (D:2)
  4 frilled lizards
  7 kobolds
  3 rats (D:1)
39 creatures vanquished.

Notes
Turn   | Place    | Note
-------+----------+-------------------------------------------
     0 | D:1      | qw the Gargoyle Hunter began the quest for the Orb.
     0 | D:1      | Reached XP level 1. HP: 12/12 MP: 1/1
     0 | D:1      | 0 ||| qw: Version: 0.3-a-83-gcd0e7d8
     0 | D:1      | 0 ||| qw: Game counter: 1480
     0 | D:1      | 0 ||| qw: Melee chars always use a shield: true
     0 | D:1      | 0 ||| qw: God list: Okawaru
     0 | D:1      | 0 ||| qw: Allow faded altars: false
     0 | D:1      | 0 ||| qw: Do Orc after clearing Dungeon:15 true
     0 | D:1      | 0 ||| qw: Do second Lair branch before Depths: true
     0 | D:1      | 0 ||| qw: Lair rune preference: random
     0 | D:1      | 0 ||| qw: Goals: Normal
     0 | D:1      | 0 ||| PLANNING D:1-11
   190 | D:1      | Reached XP level 2. HP: 17/17 MP: 2/2
   238 | D:1      | 238 ||| RETREEAATING.
   391 | D:1      | Reached XP level 3. HP: 21/21 MP: 3/3
   464 | D:1      | Found Iphuas's Magic Scroll Boutique.
   470 | D:1      | 470 ||| SHOPLISTING scroll of acquirement (520 gold, have
                  | 78).
   470 | D:1      | 470 ||| BUYING scroll of identify (20 gold).
   470 | D:1      | Bought a scroll of identify for 20 gold pieces
   470 | D:1      | 470 ||| BUYING scroll of identify (20 gold).
   470 | D:1      | Bought a scroll of identify for 20 gold pieces
   470 | D:1      | 470 ||| BUYING scroll of identify (20 gold).
   470 | D:1      | Bought a scroll of identify for 20 gold pieces
   470 | D:1      | 470 ||| SHOPLISTING scroll of teleportation (30 gold, have
                  | 18).
   492 | D:1      | Reached skill level 5 in Ranged Weapons
   893 | D:1      | 893 ||| UPGRADING to +0 ring mail.
   903 | D:1      | 903 ||| DROPPING +0 leather armour.
   904 | D:1      | 904 ||| READING scroll labelled MUETIE YTHIF.
   905 | D:1      | 905 ||| READING scroll labelled IPREUB JASS.
   906 | D:1      | 906 ||| DROPPING scroll of butterflies.
   972 | D:2      | Found Plog's Weapon Shop.
   981 | D:2      | 981 ||| UPGRADING to +0 pair of boots.
  1150 | D:2      | 1150 ||| RETREEAATING.
  1152 | D:2      | 1152 ||| STILL RETREEAATING.
  1153 | D:2      | 1153 ||| STILL RETREEAATING.
  1156 | D:2      | Reached skill level 1 in Armour
  1156 | D:2      | 1156 ||| Stepping ~*~*~tactically~*~*~ (retreating).
  1157 | D:2      | 1157 ||| Stepping ~*~*~tactically~*~*~ (retreating).
  1164 | D:2      | Slain by a gnoll

Levels and vault maps discovered:
D:1:      ncdulo_watergridlock, layout_basic, serial_shops,
          nicolae_shop_rolling_square
D:2:      layout_basic, serial_shops, shop

Skill      XL: |  1  2  3 |
---------------+----------+-----
Ranged Weapons | 5 |  5.0
Armour         | 1 |  1.0
Fighting       | |  2.6
Dodging        | |  1.5
Stealth        | |  1.1

Action                     || total
---------------------------++-------
   Fire: Shortbow          ||   105
    Use: Scroll            ||     2
 Armour: Leather armour    ||    10
         Ring mail         ||     7
  Dodge: Dodged            ||    18

Table legend:
 A = Non-vault XP
 B = Vault XP
 C = Vault XP percentage of total XP
 D = Non-vault monster count
 E = Vault monster count
 F = Vault count percentage of total count
                 A         B        C        D         E       F
            +---------+---------+-------+---------+---------+-------
      Total |      69 |       0 |   0.0 |      39 |       0 |   0.0
            +---------+---------+-------+---------+---------+-------
        D:1 |      56 |       0 |   0.0 |      31 |       0 |   0.0
        D:2 |      13 |       0 |   0.0 |       8 |       0 |   0.0
            +---------+---------+-------+---------+---------+-------
